 Dungeon Crawl Stone Soup version 0.23.2-33-g5129a83184 (webtiles) character file.

Game seed: 304821585191559532

555 Drevant2 the Conjurer (level 7, 0/48 HPs)
             Began as a Demonspawn Ice Elementalist on Aug 9, 2019.
             Succumbed to a goblin's poison
             ... on level 5 of the Dungeon.
             The game lasted 00:17:30 (4533 turns).

Drevant2 the Conjurer (Demonspawn Ice Elementalist) Turns: 4533, Time: 00:17:31

Health: 0/48       AC:  4    Str: 10    XL:     7   Next: 8%
Magic:  2/12       EV: 12    Int: 16    God:
Gold:   253        SH:  0    Dex: 14    Spells: 7/12 levels left

rFire    + + .     SeeInvis .   d - +0 dagger (venom)
rCold    + . .     Gourm    .   (no shield)
rNeg     . . .     Faith    .   h - +1 robe {rF+}
rPois    +         Spirit   +   (no helmet)
rElec    +         Reflect  .   f - +0 cloak
rCorr    +         Harm     .   (no gloves)
MR       .....                  (no boots)
Stlth    ++........             (no amulet)
HPRegen  0.16/turn              k - ring of wizardry
MPRegen  0.13/turn              (no ring)

@: lethally poisoned (0 -> -5), resistant
A: magic shield
a: no special abilities


You were on level 5 of the Dungeon.
You were hungry.

You visited 1 branch of the dungeon, and saw 5 of its levels.

You collected 253 gold pieces.

Inventory:

Hand Weapons
 d - a +0 dagger of venom (weapon)
 j - a +0 mace
 q - a +0 falchion
Armour
 a - a +0 robe
 f - a +0 cloak (worn)
 h - a +1 robe of fire resistance (worn)
 n - a +0 scale mail
Jewellery
 k - a ring of wizardry (left hand)
 s - an uncursed ring of positive energy
Scrolls
 b - a scroll of fear {unknown}
 e - 5 scrolls of teleportation {unknown}
 g - 4 scrolls of blinking {unknown}
 i - 3 scrolls of identify
 p - 3 scrolls of remove curse {unknown}
Potions
 l - a potion of flight
 r - 2 potions of brilliance
Comestibles
 c - 4 rations


   Skills:
 * Level 1.5 Fighting
 - Level 1.7 Dodging
 - Level 1.7 Stealth
 - Level 3.4 Spellcasting
 - Level 5.4 Conjurations
 + Level 4.2 Ice Magic


You had 7 spell levels left.
You knew the following spells:

 Your Spells              Type           Power        Failure   Level  Hunger
a - Freeze                Ice            ###.         1%          1    None
b - Throw Icicle          Conj/Ice       ###.....     10%         4    ####...

Your spell library contained the following spells:

 Spells                   Type           Power        Failure   Level  Hunger
 Throw Frost              Conj/Ice       ###...       1%          2    ##.....
 Ozocubu's Armour         Chrm/Ice       #.......     9%          3    ###....
 Summon Ice Beast         Ice/Summ       #.......     28%         4    ####...


Dungeon Overview and Level Annotations

Branches:
Dungeon (5/15)
 Temple: D:4-7

Altars:
Yredelemnul

Portals:
Ossuary: D:4


Innate Abilities, Weirdness & Mutations

When hurt, damage is shared between your health and your magic reserves.


Message History

The goblin hits you.
* * * LOW HITPOINT WARNING * * *
The goblin hits you but does no damage.
There is an open door, spattered with blood here.
Things that are here:
a +0 giant club; a +0 club; an ogre corpse You hit the goblin but do no damage.
The goblin is poisoned.
* * * LOW HITPOINT WARNING * * *
You feel sick. The goblin misses you. The goblin closely misses you.
You hit the goblin.
The goblin is poisoned.
The goblin is severely wounded.
* * * LOW HITPOINT WARNING * * *
You feel sick.
You kill the goblin! x2
You see here a ration.
* * * LOW HITPOINT WARNING * * *
You feel sick.
You see here a ration.
You see here a ration.
You die...

### #.##### # #†#...# ######
# #))%..# #....# #
#)#@..###....#######
#.#####.......#...'.
#.............#...#.
#####..##.....#...#.
#..##..##.....#...#.
#......##....##...##
........#......##....#######
........#......'..........#.
........#..##..##.........#.


There were no monsters in sight!

Vanquished Creatures
  3 ogres (D:5)
  An elf skeleton (D:4)
  A scorpion (D:4)
  A hound (D:5)
  An orc wizard (D:2)
  A human skeleton (D:4)
  Terence (D:2)
  2 adders (D:2)
  An ooze (D:5)
  8 orcs
  5 giant cockroaches
  10 goblins
  A hobgoblin (D:2)
  4 quokkas
  9 bats
  6 frilled lizards
  3 kobolds
  A leopard gecko skeleton (D:5)
  10 rats
  A toadstool (D:1)
70 creatures vanquished.

Vanquished Creatures (others)
  A plant (D:4)
  3 toadstools (D:1)
4 creatures vanquished.

Grand Total: 74 creatures vanquished

Notes
Turn   | Place    | Note
-------+----------+-------------------------------------------
     0 | D:1      | Drevant2 the Demonspawn Ice Elementalist began the quest
                  | for the Orb.
     0 | D:1      | Reached XP level 1. HP: 13/13 MP: 3/3
   802 | D:2      | Noticed Terence
   853 | D:2      | Noticed an ogre
   941 | D:2      | Gained mutation: When hurt, damage is shared between your
                  | health and your magic reserves. [demonic ancestry]
   941 | D:2      | Reached XP level 2. HP: 19/19 MP: 5/5
  1266 | D:2      | Found a basalt altar of Yredelemnul.
  1294 | D:2      | Reached XP level 3. HP: 22/24 MP: 4/7
  1898 | D:2      | Killed Terence
  1898 | D:2      | Reached XP level 4. HP: 14/30 MP: 0/9
  2475 | D:3      | Learned a level 4 spell: Throw Icicle
  2939 | D:4      | Reached skill level 2 in Conjurations
  2939 | D:4      | Reached XP level 5. HP: 24/35 MP: 0/10
  3109 | D:4      | Reached skill level 3 in Conjurations
  3486 | D:4      | Found a sand-covered staircase.
  3513 | D:5      | Entered Level 5 of the Dungeon
  3725 | D:5      | Noticed an ogre
  3749 | D:5      | Killed an ogre
  3749 | D:5      | Reached skill level 4 in Conjurations
  3749 | D:5      | Reached XP level 6. HP: 10/41 MP: 1/11
  4211 | D:5      | Reached skill level 5 in Conjurations
  4511 | D:5      | Reached skill level 1 in Fighting
  4511 | D:5      | Reached XP level 7. HP: 20/48 MP: 0/12
  4528 | D:5      | HP: 2/48 [poisoned by a goblin]
  4533 | D:5      | Succumbed to a goblin's poison

Skill      XL: |  1  2  3  4  5  6 |
---------------+-------------------+-----
Ice Magic      | 3 4 |  4.2
Spellcasting   | 3 |  3.4
Conjurations   | 2 4 5 |  5.4
Fighting       | 1 |  1.5
Dodging        | |  1.7
Stealth        | |  1.7

Action                   |  1- 3 |  4- 6 |  7- 9 || total
-------------------------+-------+-------+-------++-------
Melee: Mace              |    63 |       |       ||    63
       Unarmed           |    17 |       |       ||    17
       Dagger            |     9 |   175 |    15 ||   199
 Cast: Freeze            |    16 |    27 |     1 ||    44
       Throw Icicle      |       |     2 |       ||     2
  Use: Potion            |     4 |     2 |     1 ||     7
       Scroll            |     1 |     1 |       ||     2
 Stab: Sleeping          |     2 |     3 |       ||     5
  Eat: Chunk             |     2 |     6 |       ||     8
       Ration            |       |     1 |       ||     1
Armor: Robe              |    42 |    30 |     4 ||    76
       Skin              |       |    18 |       ||    18
Dodge: Dodged            |    82 |   103 |    23 ||   208
